SL
VANCOUVER GREY WOLVES @ NORTHERN VIRGINIA RETRIEVERS
09/19/2021
 
TOP OF THE 1ST
Vancouver Grey Wolves batting - Pitching for Northern Virginia Retrievers : RHP Brian Wheeler
Pitching: RHP Brian Wheeler
Batting: SHB Gregg Wagner 0-0: Called Strike
0-1: Ball
1-1: Ground out 6-3 (Groundball, 6M)
Batting: LHB Timmy Appeldoorn 0-0: Ball
1-0: SINGLE (Line Drive, 34D)
Batting: LHB Felipe López 0-0: Called Strike
0-1: Swinging Strike
0-2: Ball
1-2: Ball
2-2: Foul Ball, location: 2F
2-2: Foul Ball, location: 2F
2-2: Foul Ball, location: 2F
2-2: Foul Ball, location: 2F
2-2: Reached on error, E5 (Groundball, 56)
Timmy Appeldoorn to second
Batting: LHB Tony Reynolds 0-0: Called Strike
0-1: Ball
1-1: Fly out, F8 (Flyball, 8LM)
Batting: RHB Luis Muñóz 0-0: Called Strike
0-1: Ground out 1-3 (Groundball, 23)
Top of the 1st over - 0 run(s), 1 hit(s), 1 error(s), 2 left on base; Vancouver 0 - Northern Virginia 0
BOTTOM OF THE 1ST
Northern Virginia Retrievers batting - Pitching for Vancouver Grey Wolves : RHP David Collingwood
Pitching: RHP David Collingwood
Batting: LHB Wayne Akers 0-0: Ball
1-0: Foul Ball, location: 2F
1-1: Ground out 6-3 (Groundball, 6M)
Batting: LHB Roberto Salazar 0-0: Called Strike
0-1: Ball
1-1: Fly out, F9 (Flyball, 89S)
Batting: SHB Ramiro Salazar 0-0: Called Strike
0-1: Ball
1-1: Foul Ball, location: 2F
1-2: Ball
2-2: SOLO HOME RUN (Line Drive, 89XD), Distance : 416 ft
Batting: LHB Munemori Ohara 0-0: Foul Ball, location: 2F
0-1: Foul Ball, location: 2F
0-2: Strikes out looking
Bottom of the 1st over - 1 run(s), 1 hit(s), 0 error(s), 0 left on base; Vancouver 0 - Northern Virginia 1
TOP OF THE 2ND
Vancouver Grey Wolves batting - Pitching for Northern Virginia Retrievers : RHP Brian Wheeler
Batting: RHB Greg Robinson 0-0: Called Strike
0-1: Ball
1-1: Swinging Strike
1-2: Ball
2-2: Ball
3-2: Foul Ball, location: 2F
3-2: Strikes out looking
Batting: RHB John Huff 0-0: Ball
1-0: Foul Ball, location: 2F
1-1: Fly out, F3 (Popup, 3L)
Batting: RHB Edmund Gallagher 0-0: Called Strike
0-1: Ball
1-1: Ball
2-1: Ball
3-1: Foul Ball, location: 2F
3-2: Strikes out looking
Top of the 2nd over - 0 run(s), 0 hit(s), 0 error(s), 0 left on base; Vancouver 0 - Northern Virginia 1
BOTTOM OF THE 2ND
Northern Virginia Retrievers batting - Pitching for Vancouver Grey Wolves : RHP David Collingwood
Batting: LHB Bartolo Benítez 0-0: Ball
1-0: Ball
2-0: Ball
3-0: Called Strike
3-1: Base on Balls
Batting: SHB Gustavo Fuentes 0-0: Called Strike
Pickoff Throw to First - Error! E1
Bartolo Benítez to second
0-1: Ball
1-1: Ball
2-1: Ball
3-1: Foul Ball, location: 2F
3-2: Foul Ball, location: 2F
3-2: Foul Ball, location: 2F
3-2: Strikes out swinging
Batting: LHB Marlon Randall 0-0: Swinging Strike
0-1: Foul Ball, location: 2F
0-2: Ball
1-2: Strikes out looking
Batting: LHB Rick Watson 0-0: Called Strike
0-1: Foul Ball, location: 2F
0-2: Ball
1-2: Ball
2-2: Foul Ball, location: 2F
2-2: Ground out 4-3 (Groundball, 4M)
Bottom of the 2nd over - 0 run(s), 0 hit(s), 1 error(s), 1 left on base; Vancouver 0 - Northern Virginia 1
TOP OF THE 3RD
Vancouver Grey Wolves batting - Pitching for Northern Virginia Retrievers : RHP Brian Wheeler
Batting: RHB Darren Tomlinson 0-0: Called Strike
0-1: Ground out 6-3 (Groundball, 6MS)
Batting: SHB Gregg Wagner 0-0: Foul Ball, location: 2F
0-1: Ball
1-1: Ball
2-1: Ball
3-1: Ground out 6-3 (Groundball, 6)
Batting: LHB Timmy Appeldoorn 0-0: Ball
1-0: Called Strike
1-1: Ball
2-1: Ball
3-1: Foul Ball, location: 2F
3-2: Fly out, F3 (Line Drive, 3S)
Top of the 3rd over - 0 run(s), 0 hit(s), 0 error(s), 0 left on base; Vancouver 0 - Northern Virginia 1
BOTTOM OF THE 3RD
Northern Virginia Retrievers batting - Pitching for Vancouver Grey Wolves : RHP David Collingwood
Batting: LHB David Martínez 0-0: SOLO HOME RUN (Flyball, 9D), Distance : 379 ft
Batting: LHB Wayne Akers 0-0: Called Strike
0-1: Ball
1-1: Ground out 6-3 (Groundball, 6)
Batting: LHB Roberto Salazar 0-0: Ball
1-0: Ball
2-0: Ball
3-0: Called Strike
3-1: Base on Balls
Batting: SHB Ramiro Salazar 0-0: Foul Ball, location: 2F
0-1: Ball
1-1: Fly out, F9 (Flyball, 89M)
Batting: LHB Munemori Ohara 0-0: Ball
1-0: Ball
Roberto Salazar steals 2nd base
2-0: Swinging Strike
2-1: Swinging Strike
2-2: Ball
3-2: Fly out, F6 (Popup, 8RS)
Bottom of the 3rd over - 1 run(s), 1 hit(s), 0 error(s), 1 left on base; Vancouver 0 - Northern Virginia 2
TOP OF THE 4TH
Vancouver Grey Wolves batting - Pitching for Northern Virginia Retrievers : RHP Brian Wheeler
Batting: LHB Felipe López 0-0: Called Strike
0-1: Ground out 1-3 (Groundball, 13)
Batting: LHB Tony Reynolds 0-0: Ground out 5-3 (Groundball, 5S)
Batting: RHB Luis Muñóz 0-0: Ball
1-0: Called Strike
1-1: Foul Ball, location: 2F
1-2: Foul Ball, location: 2F
1-2: DOUBLE (Line Drive, 8LD)
Batting: RHB Greg Robinson 0-0: Foul Ball, location: 2F
0-1: Ball
1-1: Ground out 1-3 (Groundball, 13S)
Top of the 4th over - 0 run(s), 1 hit(s), 0 error(s), 1 left on base; Vancouver 0 - Northern Virginia 2
BOTTOM OF THE 4TH
Northern Virginia Retrievers batting - Pitching for Vancouver Grey Wolves : RHP David Collingwood
Batting: LHB Bartolo Benítez 0-0: Fly out, F9 (Flyball, 9M)
Batting: SHB Gustavo Fuentes 0-0: Ball
1-0: Foul Ball, location: 2F
1-1: SINGLE (Groundball, 34D)
Batting: LHB Marlon Randall 0-0: Ball
Gustavo Fuentes is caught stealing 2nd base
1-0: Ball
2-0: Swinging Strike
2-1: Foul Ball, location: 2F
2-2: Strikes out swinging
Bottom of the 4th over - 0 run(s), 1 hit(s), 0 error(s), 0 left on base; Vancouver 0 - Northern Virginia 2
TOP OF THE 5TH
Vancouver Grey Wolves batting - Pitching for Northern Virginia Retrievers : RHP Brian Wheeler
Batting: RHB John Huff 0-0: Called Strike
0-1: Foul Ball, location: 2F
0-2: Ball
1-2: Strikes out swinging
Batting: RHB Edmund Gallagher 0-0: Ground out 1-3 (Groundball, 15)
Batting: RHB Darren Tomlinson 0-0: Ball
1-0: Called Strike
1-1: Swinging Strike
1-2: Foul Ball, location: 2F
1-2: Ball
2-2: Ball
3-2: Strikes out swinging
Top of the 5th over - 0 run(s), 0 hit(s), 0 error(s), 0 left on base; Vancouver 0 - Northern Virginia 2
BOTTOM OF THE 5TH
Northern Virginia Retrievers batting - Pitching for Vancouver Grey Wolves : RHP David Collingwood
Batting: LHB Rick Watson 0-0: Ball
1-0: Ball
2-0: Fly out, F9 (Flyball, 89M)
Batting: LHB David Martínez 0-0: Swinging Strike
0-1: Ball
1-1: Ball
2-1: Ground out 4-3 (Groundball, 4M)
Batting: LHB Wayne Akers 0-0: SINGLE (Line Drive, 7LS)
Batting: LHB Roberto Salazar 0-0: Ball
1-0: Called Strike
1-1: Ball
2-1: Called Strike
2-2: Foul Ball, location: 2F
2-2: Reached on error, E5 (Groundball, 5)
Wayne Akers to third
Batting: SHB Ramiro Salazar 0-0: SINGLE (Popup, 15)
Wayne Akers scores
Roberto Salazar to third
Runner from 3rd tries for Home, SAFE, no throw or cutoff
Batting: LHB Munemori Ohara 0-0: Ball
1-0: Hit by Pitch
Ramiro Salazar to second
Batting: LHB Bartolo Benítez 0-0: Ball
1-0: Reached on error, E6 (Groundball, 56)
Ramiro Salazar scores
Munemori Ohara to third
Batting: SHB Gustavo Fuentes 0-0: Called Strike
0-1: Fly out, F7 (Flyball, 7M)
Bottom of the 5th over - 3 run(s), 2 hit(s), 2 error(s), 2 left on base; Vancouver 0 - Northern Virginia 5
TOP OF THE 6TH
Vancouver Grey Wolves batting - Pitching for Northern Virginia Retrievers : RHP Brian Wheeler
Batting: SHB Gregg Wagner 0-0: SINGLE (Groundball, 6S)
Batting: LHB Timmy Appeldoorn 0-0: Foul Ball, location: 2F
0-1: Ball
1-1: Called Strike
1-2: Ball
2-2: DOUBLE (Flyball, 9LD)
Gregg Wagner to third
Batting: LHB Felipe López 0-0: Fly out, F8 (Flyball, 8RM)
Runner from 3rd tags up, SCORES, no throw
Batting: LHB Tony Reynolds 0-0: Ground out 4-3 (Groundball, 34)
Timmy Appeldoorn to third
Batting: RHB Luis Muñóz 0-0: Ball
1-0: Ball
2-0: Fly out, F8 (Flyball, 8LXD)
Top of the 6th over - 1 run(s), 2 hit(s), 0 error(s), 1 left on base; Vancouver 1 - Northern Virginia 5
BOTTOM OF THE 6TH
Northern Virginia Retrievers batting - Pitching for Vancouver Grey Wolves : RHP David Collingwood
Batting: LHB Marlon Randall 0-0: Fly out, F7 (Flyball, 7M)
Batting: LHB Rick Watson 0-0: Foul Ball, location: 2F
0-1: Ball
1-1: Fly out, F9 (Flyball, 9D)
Batting: LHB David Martínez 0-0: Ball
1-0: Foul Ball, location: 2F
1-1: Foul Ball, location: 2F
1-2: Ball
2-2: Fly out, F6 (Popup, 6MD)
Bottom of the 6th over - 0 run(s), 0 hit(s), 0 error(s), 0 left on base; Vancouver 1 - Northern Virginia 5
TOP OF THE 7TH
Vancouver Grey Wolves batting - Pitching for Northern Virginia Retrievers : RHP Brian Wheeler
Batting: RHB Greg Robinson 0-0: Ground out 4-3 (Groundball, 4M)
Batting: RHB John Huff 0-0: Ball
1-0: Ball
2-0: Called Strike
2-1: Foul Ball, location: 2F
2-2: Foul Ball, location: 2F
2-2: Ground out 3-1 (Groundball, 34)
Batting: RHB Edmund Gallagher 0-0: Ball
1-0: Called Strike
1-1: Swinging Strike
1-2: Ground out 1-3 (Groundball, 15)
Top of the 7th over - 0 run(s), 0 hit(s), 0 error(s), 0 left on base; Vancouver 1 - Northern Virginia 5
BOTTOM OF THE 7TH
Northern Virginia Retrievers batting - Pitching for Vancouver Grey Wolves : RHP David Collingwood
Batting: LHB Wayne Akers 0-0: Called Strike
0-1: Foul Ball, location: 2F
0-2: Ball
1-2: SINGLE (Line Drive, 9S)
Batting: LHB Roberto Salazar 0-0: Ball
1-0: Sac Bunt - play at second, runner OUT! 1-6
Batting: SHB Ramiro Salazar 0-0: Ball
1-0: Called Strike
1-1: Ball
2-1: Ball
3-1: 2-RUN HOME RUN (Flyball, 8RXD), Distance : 436 ft
Pitching: RHP Millard Kessler
Batting: LHB Munemori Ohara 0-0: Fly out, F8 (Flyball, 8LD)
Batting: LHB Bartolo Benítez 0-0: Called Strike
0-1: Called Strike
0-2: Ball
1-2: Ball
2-2: Ball
3-2: Foul Ball, location: 2F
3-2: Base on Balls
Batting: SHB Gustavo Fuentes 0-0: Fly out, F9 (Line Drive, 9LD)
Bottom of the 7th over - 2 run(s), 2 hit(s), 0 error(s), 1 left on base; Vancouver 1 - Northern Virginia 7
TOP OF THE 8TH
Vancouver Grey Wolves batting - Pitching for Northern Virginia Retrievers : RHP Brian Wheeler
Pitching: RHP Javier Mora
Batting: RHB Darren Tomlinson 0-0: Called Strike
0-1: Ball
1-1: Ball
2-1: Foul Ball, location: 2F
2-2: Foul Ball, location: 2F
2-2: Ground out 2-3 (Groundball, 2L)
Batting: SHB Gregg Wagner 0-0: Ball
1-0: SINGLE (Groundball, 6M)
Batting: LHB Timmy Appeldoorn 0-0: Fly out, F9 (Flyball, 89S)
Batting: LHB Felipe López 0-0: Ball
1-0: Called Strike
1-1: Fly out, F4 (Line Drive, 4)
Top of the 8th over - 0 run(s), 1 hit(s), 0 error(s), 1 left on base; Vancouver 1 - Northern Virginia 7
BOTTOM OF THE 8TH
Northern Virginia Retrievers batting - Pitching for Vancouver Grey Wolves : RHP Millard Kessler
Batting: LHB Marlon Randall 0-0: Swinging Strike
0-1: Called Strike
0-2: Ball
1-2: Strikes out swinging
Batting: LHB Rick Watson 0-0: Ball
1-0: Swinging Strike
1-1: Foul Ball, location: 2F
1-2: Foul Ball, location: 2F
1-2: Ground out 4-3 (Groundball, 34)
Batting: LHB David Martínez 0-0: Called Strike
0-1: DOUBLE (Line Drive, 7LS)
Batting: LHB Wayne Akers 0-0: Called Strike
0-1: Ball
1-1: Foul Ball, location: 2F
1-2: Ball
2-2: Ground out 4-3 (Groundball, 4)
Bottom of the 8th over - 0 run(s), 1 hit(s), 0 error(s), 1 left on base; Vancouver 1 - Northern Virginia 7
TOP OF THE 9TH
Vancouver Grey Wolves batting - Pitching for Northern Virginia Retrievers : RHP Javier Mora
Batting: LHB Tony Reynolds 0-0: Swinging Strike
0-1: Ball
1-1: Ground out 4-3 (Groundball, 34)
Batting: RHB Luis Muñóz 0-0: Ground out 6-3 (Groundball, 6MS)
Batting: RHB Greg Robinson 0-0: Ground out 4-3 (Groundball, 4M)
Top of the 9th over - 0 run(s), 0 hit(s), 0 error(s), 0 left on base; Vancouver 1 - Northern Virginia 7
This league is powered by Out of the Park Baseball, the baseball management simulation game for PC, Mac and Linux
Friday, January 22nd, 2016 - OOTP Baseball 16.9 Build 39